 Dungeon Crawl Stone Soup version 0.16-a0-44-gd96af6c (webtiles) character file.

904 Ololoev the Carver (level 7, 0/75 HPs)
             Began as a Demonspawn Death Knight on Aug 5, 2014.
             Was a Follower of Yredelemnul.
             Slain by Zgarb's ghost (1 damage)
             ... on Level 6 of the Dungeon.
             The game lasted 00:25:45 (7063 turns).

Ololoev the Carver (Demonspawn Death Knight)        Turns: 7063, Time: 00:25:45

HP   0/75        AC  5     Str 19      XL: 7   Next: 80%
MP  11/11        EV 11     Int 12      God: Yredelemnul [*.....]
Gold 290         SH  2     Dex 14      Spells:  1 memorised,  3 levels left

rFire  + . .     SeeInvis .     a - +1 falchion
rCold  . . .     Clarity  .     r - +0 leather armour {rF+}
rNeg   . . .     rCorr    .     (no shield)
rPois  .         rRot     +     (helmet restricted)
rElec  .         Spirit   .     (no cloak)
SustAb .         Warding  .     (no gloves)
rMut   .         Stasis   .     (no boots)
Gourm  .                        (no amulet)
MR     +....                    d - ring of stealth
                                f - ring of protection from magic

@: berserking, very quick, somewhat resistant to hostile enchantments, extremely
unstealthy
A: antennae 1, large bone plates 1, nightstalker 2, rot immunity
a: Animate Remains, Renounce Religion


You were on level 6 of the Dungeon.
You worshipped Yredelemnul.
Yredelemnul was aware of your devotion.
You were hungry.

You visited 2 branches of the dungeon, and saw 7 of its levels.

You collected 290 gold pieces.

Inventory:

Hand weapons
 a - a +1 falchion (weapon)
Armour
 g - a +2 shield
 r - a +0 leather armour of fire resistance (worn)
Comestibles
 b - 3 bread rations
 j - 5 beef jerkies
 m - 3 meat rations
 n - 2 slices of pizza
Scrolls
 e - a scroll of recharging
 i - 2 scrolls of remove curse
Jewellery
 d - a ring of stealth (right hand)
 f - a ring of protection from magic (left hand)
Potions
 c - a potion of resistance {unknown}
 h - 2 potions of might
 k - 2 potions of berserk rage
 o - a potion of mutation {unknown}
 q - a potion of brilliance
 s - a potion of restore abilities
 t - 2 potions of agility


   Skills:
 - Level 2.0 Fighting
 + Level 8.4 Long Blades
 - Level 0.8 Armour
 - Level 0.8 Dodging
 - Level 3.6 Invocations


You had 3 spell levels left.
You knew the following spells:

 Your Spells              Type           Power        Failure   Level  Hunger
a - Mephitic Cloud        Conj/Pois/Air  #.......     88%         3    ####...


Dungeon Overview and Level Annotations

Branches:
Dungeon (6/15)             Temple (1/1) D:5

Altars:
Nemelex Xobeh
Okawaru
Vehumet
Yredelemnul

Annotations:
D:6 Zgarb's ghost, experienced MiFi


Innate Abilities, Weirdness & Mutations

You have a pair of small antennae on your head.
You are partially covered in large bone plates (AC +2, SH +2).
You are significantly more attuned to the shadows.
You are immune to rotting.


Message History

Your dark mirror aura disappears.
Zgarb's ghost hits you.
* * * LOW HITPOINT WARNING * * *
x2 Drink which item? (? for menu, Esc to quit)
You feel better. Zgarb's ghost hits you.
* * * LOW HITPOINT WARNING * * *
x2 Drink which item? (? for menu, Esc to quit)
You feel better. Zgarb's ghost hits you!
* * * LOW HITPOINT WARNING * * *
x2 Use which ability? (? or * to list)
Okay, then.
Unknown command.
Read which item? (? for menu, Esc to quit)
Okay, then.
Drink which item? (? for menu, Esc to quit)
A red film seems to cover your vision as you go berserk!
You feel yourself moving faster!
You feel mighty! Zgarb's ghost hits you!
* * * LOW HITPOINT WARNING * * *
You die...
Your body rises from the dead as a mindless zombie.

............%...+.'.........#
.........##'##...#W#.........#
#.........'...#...#)#...#+#..$#
+.........#...'...+.#...+ ...
#.........#...#...#.#...# .
#+#.......<.#...#...#.#...#
............+...+...'.#..
............#'###W..#.#
................@...#.#
+#.................#.#
+.................#.#
#.................#.#
#.....##+####+##+##.#
+.....'...+ #+#.....##+##
......<......# .............


You could see Zgarb's ghost.

Vanquished Creatures
  A sky beast (D:5)
  An ogre (D:5)
  A jelly (D:4)
  A crimson imp (D:5)
  3 hounds (D:5)
  An iguana (D:5)
  4 orc priests
  3 orc wizards
  A worker ant (D:4)
  4 adders
  6 gnolls
  An inept item mimic (D:2)
  2 giant mites
  An adder zombie (D:3)
  5 giant geckos
  12 orcs
  4 giant cockroaches
  13 goblins
  11 hobgoblins
  3 jackals
  13 kobolds
  A ball python (D:2)
  8 bats
  9 giant newts
  An orc skeleton (D:5)
  2 quokkas
  13 rats
  A rat skeleton (D:4)
  A spectral orc (D:4)
127 creatures vanquished.

Vanquished Creatures (collateral kills)
  An orc wizard (D:5)
  An iguana (D:5)
  A worker ant (D:4)
  A gnoll (D:5)
  An adder (D:5)
  A worm (D:3)
  An orc skeleton (D:4)
  3 orcs
  A ball python (D:1)
  A bat (D:4)
  A goblin (D:1)
  A kobold (D:1)
  A rat (D:3)
15 creatures vanquished.

Vanquished Creatures (others)
  A hound zombie (D:5)
  A worker ant zombie (D:4)
  An adder zombie (D:5)
  2 giant gecko zombies (D:5)
  A giant mite zombie (D:4)
  3 gnoll zombies
  A goblin zombie (D:5)
  2 hobgoblin zombies
  3 kobold zombies
  5 orc zombies
  A quokka zombie (D:4)
21 creatures vanquished.

Grand Total: 163 creatures vanquished

Notes
Turn   | Place    | Note
--------------------------------------------------------------
     0 | D:1      | Ololoev, the Demonspawn Death Knight, began the quest for the Orb.
     0 | D:1      | Reached XP level 1. HP: 16/16 MP: 2/2
   120 | D:1      | Gained mutation: You are slightly more attuned to the shadows. [demonic ancestry]
   120 | D:1      | Reached XP level 2. HP: 19/22 MP: 0/4
   393 | D:1      | Acquired Yredelemnul's second power
   538 | D:1      | Reached XP level 3. HP: 27/27 MP: 5/5
  1733 | D:3      | Found a sparkling altar of Nemelex Xobeh.
  1959 | D:3      | Found a radiant altar of Vehumet.
  2038 | D:3      | Reached skill level 4 in Long Blades
  2038 | D:3      | Gained mutation: You are significantly more attuned to the shadows. [demonic ancestry]
  2038 | D:3      | Reached XP level 4. HP: 26/33 MP: 7/7
  2511 | D:3      | Gained mutation: You are partially covered in large bone plates (AC +2, SH +2). [demonic ancestry]
  2511 | D:3      | Reached XP level 5. HP: 21/38 MP: 8/8
  2714 | D:3      | Found an iron altar of Okawaru.
  3184 | D:4      | Reached skill level 5 in Long Blades
  3641 | D:4      | Learned a level 3 spell: Mephitic Cloud
  4154 | D:4      | Gained mutation: You have a pair of small antennae on your head. [demonic ancestry]
  4154 | D:4      | Reached XP level 6. HP: 31/44 MP: 10/10
  4268 | D:4      | Reached skill level 6 in Long Blades
  4313 | D:4      | Found a basalt altar of Yredelemnul.
  4991 | D:5      | Entered Level 5 of the Dungeon
  4999 | D:5      | Found a staircase to the Ecumenical Temple.
  5005 | Temple   | Entered the Ecumenical Temple
  5077 | D:5      | Reached skill level 7 in Long Blades
  5077 | D:5      | Gained mutation: You are immune to rotting. [demonic ancestry]
  5077 | D:5      | Reached XP level 7. HP: 34/50 MP: 11/11
  6310 | D:5      | Reached skill level 8 in Long Blades
  6990 | D:6      | Noticed Zgarb's ghost (experienced MiFi)
  7063 | D:6      | HP: 1/75 [Zgarb's ghost (11)]
  7063 | D:6      | Slain by Zgarb's ghost

Action                   |  1- 3 |  4- 6 |  7- 9 || total
-------------------------+-------+-------+-------++-------
Melee: Falchion          |   140 |   200 |   153 ||   493
 Cast: Mephitic Cloud    |       |     1 |       ||     1
Invok: Animate Remains   |    14 |    14 |    13 ||    41
       Injury Mirror     |     1 |     5 |     3 ||     9
Evoke: Wand              |       |     8 |       ||     8
  Use: Scroll            |       |    18 |     1 ||    19
       Potion            |       |     3 |     5 ||     8
 Stab: Sleeping          |     2 |     7 |     6 ||    15
       Confused          |       |     4 |       ||     4
       Distracted        |       |     1 |     1 ||     2
  Eat: Chunk             |     4 |     7 |     3 ||    14
       Bread ration      |       |     1 |       ||     1
       Fruit             |       |       |     3 ||     3
       Pizza             |       |       |     1 ||     1
